 Dungeon Crawl Stone Soup version 0.22-a0-362-g535178c (webtiles) character file.

7 Amnesiac the Magician (level 1, 0/14 HPs)
             Began as a Mummy Wizard on Apr 21, 2018.
             Was an Initiate of Kikubaaqudgha.
             Slain by a bat (1 damage)
             ... on level 3 of the Dungeon.
             The game lasted 00:02:07 (562 turns).

Amnesiac the Magician (Mummy Wizard)                 Turns: 562, Time: 00:02:07

Health: 0/14       AC:  2    Str: 10    XL:     1   Next: 91%
Magic:  5/5        EV: 12    Int: 17    God:    Kikubaaqudgha [......]
Gold:   37         SH:  0    Dex: 10    Spells: 7/8 levels left

rFire    x . .     SeeInvis .   (no weapon)
rCold    + . .     Gourm    .   (no shield)
rNeg     + + +     Faith    .   a - +0 robe
rPois    ∞         Spirit   .   b - +0 hat
rElec    .         Reflect  .   (no cloak)
rCorr    .         Harm     .   (no gloves)
MR       .....                  (no boots)
Stlth    ++........             (no amulet)
HPRegen  0.04/turn              (no ring)
MPRegen  0.09/turn              (no ring)

@: no status effects
A: no food or potions, fire vulnerability, cold resistance 1, negative energy
resistance 3, torment resistance, unbreathing
a: Renounce Religion


You were on level 3 of the Dungeon.
You worshipped Kikubaaqudgha.
Kikubaaqudgha was noncommittal.
You were not hungry.

You visited 1 branch of the dungeon, and saw 3 of its levels.

You collected 37 gold pieces.

Inventory:

Missiles
 d - 45 stones (quivered)
Armour
 a - a +0 robe (worn)
 b - a +0 hat (worn)
Scrolls
 c - a scroll of fog {!r, unknown}
 e - a scroll of identify {!r, unknown}
 f - a scroll of teleportation {!r}
 g - a scroll of enchant weapon {!r, unknown}


   Skills:
 + Level 0.7 Fighting
 * Level 2.0 Dodging
 - Level 1.5 Stealth
 - Level 4.0 Spellcasting
 - Level 0.7 Conjurations
   Level 0.7 Summonings
   Level 0.7 Translocations


You had 7 spell levels left.
You knew the following spells:

 Your Spells              Type           Power        Failure   Level  Hunger
a - Magic Dart            Conj           #...         12%         1    N/A

Dungeon Overview and Level Annotations

Branches:
Dungeon (3/15)

Altars:
Kikubaaqudgha

Annotations:
D:2 exclusion: ball python
D:3 exclusion: centaur, Grinder, Natasha


Innate Abilities, Weirdness & Mutations

You do not eat or drink.
Your flesh is vulnerable to fire.
You are immune to poison.
Your flesh is cold resistant. (rC+)
You are immune to negative energy. (rN+++)
You are immune to unholy pain and torment.
You can survive without breathing.


Message History

2 orcs come into view.
Casting: Magic Dart (safe; 12% risk of failure)
Confirm with . or Enter, or press ? or * to list all spells.
Aiming: Magic Dart (safe; 12% risk of failure)
Press: ? - help, Shift-Dir - straight line, f - orc
Aim: an orc (resting)
The magic dart hits the orc.
The orc is heavily wounded.
The orc moves out of view.
Unknown command.
Casting: Magic Dart (safe; 12% risk of failure)
Confirm with . or Enter, or press ? or * to list all spells.
Aiming: Magic Dart (safe; 12% risk of failure)
Press: ? - help, Shift-Dir - straight line, f/p - orc
Aim: an orc (heavily wounded)
The magic dart hits the orc.
You kill the orc!
Your Dodging skill increases to level 2!
Casting: Magic Dart (safe; 12% risk of failure)
Confirm with . or Enter, or press ? or * to list all spells.
You can't see any susceptible monsters within range! (Use Z to cast anyway.) Unknown command.
You start resting.
Magic restored.
You start resting.
Magic restored.
You see here an orc corpse.
Something hits the withered plant.
The orc shouts!
An orc comes into view. It is wielding a short sword.
The orc shouts!
You hear an angry hiss.
A frilled lizard comes into view.
A worm and an orc come into view.
The orc hits the withered plant but does no damage.
Found an ancient bone altar of Kikubaaqudgha.
The frilled lizard barely misses you. The frilled lizard bites you.
The orc barely misses you. The orc hits you with a whip.
The orc cheers loudly.
The orc misses you. The worm barely misses you.
There is an ancient bone altar of Kikubaaqudgha here.
You kneel at the altar of Kikubaaqudgha.
Kikubaaqudgha welcomes you! The orc hits you with a whip.
* * * LOW HITPOINT WARNING * * *
The frilled lizard barely misses you. The frilled lizard bites you.
* * * LOW HITPOINT WARNING * * *
A dart slug comes into view.
A bat comes into view.
The dart slug misses you.
A frilled lizard and a hobgoblin come into view.
Okay, then.
The frilled lizard hisses angrily.
The bat hits you.
* * * LOW HITPOINT WARNING * * *
The bat barely misses you. The bat barely misses you.
An adder comes into view.
The bat barely misses you. The bat hits you.
* * * LOW HITPOINT WARNING * * *
The bat hits you.
You die...
Kikubaaqudgha rasps: "You have failed me!
Welcome... oblivion!"

#..#.......P.#.#
#..#.#..P.P.....
#..###o...P.....
###..o..o.##.###..
##...o#######.#
... #.###w# #.#
.#. #. #.#
######.###.#
#S.^...@b.#.......
#.####.#.##.......
#.#.# .......
..g.# .......
.#.### .l.....
.... ....... ##.##
....... #.


You could see an adder (sleeping) and a bat.

Vanquished Creatures
  A leopard gecko (D:2)
  An orc (D:3)
  A hobgoblin (D:2)
  A frilled lizard (D:2)
  2 kobolds (D:2)
6 creatures vanquished.

Notes
Turn   | Place    | Note
-------+----------+-------------------------------------------
     0 | D:1      | Amnesiac the Mummy Wizard began the quest for the Orb.
     0 | D:1      | Reached XP level 1. HP: 13/13 MP: 5/5
   126 | D:3      | Noticed Natasha
   129 | D:3      | Noticed Grinder
   485 | D:3      | Noticed a centaur
   542 | D:3      | Found an ancient bone altar of Kikubaaqudgha.
   548 | D:3      | Became a worshipper of Kikubaaqudgha
   562 | D:3      | Slain by a bat

Vault maps used:
D:1:      dpeg_arrival_stone_temple_mockup, roderic_serpentine_path,
          minmay_pentomino_v4
D:2:      uniq_crazy_yiuf_cottage
D:3:      kiku_gazebo_garden_becter, lemuel_round_altar, uniq_grinder,
          uniq_natasha

Skill      XL: |  1 |
---------------+----+-----
Dodging        | 2 |  2.0
Fighting       | |  0.7
Stealth        | |  1.5
Spellcasting   | |  4.0
Conjurations   | |  0.7
Summonings     | |  0.7
Translocations | |  0.7

Action                   || total
-------------------------++-------
Melee: Unarmed           ||    19
 Cast: Magic Dart        ||    14
  Use: Scroll            ||     1
Armor: Robe              ||     4
Dodge: Dodged            ||    25

Table legend:
 A = Spawn XP
 B = Non-spawn XP
 C = Spawn XP percentage of total XP
 D = Spawn monster count
 E = Non-spawn monster count
 F = Spawn count percentage of total count
 G = Total turns spent on level
                    A         B        C        D         E        F      G
               +---------+---------+-------+---------+---------+-------+---------
         Total |       0 |      11 |   0.0 |       0 |       6 |   0.0 |   562
               +---------+---------+-------+---------+---------+-------+---------
           D:2 |       0 |       8 |   0.0 |       0 |       5 |   0.0 |   388
           D:3 |       0 |       3 |   0.0 |       0 |       1 |   0.0 |    86
               +---------+---------+-------+---------+---------+-------+---------
